 Dungeon Crawl Stone Soup version 0.28-a0-512-g960c72b710 (webtiles) character file.

Game seed: 14175898141347386455

2 Lekart the Skirmisher (level 1, -2/19 HPs)
             Began as a Draconian Cinder Acolyte on Sept 22, 2021.
             Was a High Priest of Ignis.
             Frozen to death by an endoplasm (4 damage)
             ... on level 1 of the Dungeon.
             The game lasted 00:01:27 (129 turns).

Lekart the Skirmisher (Draconian Cinder Acolyte)     Turns: 129, Time: 00:01:27

Health: -2/19      AC:  4    Str: 16    XL:     1   Next: 33%
Magic:  2/2        EV: 11    Int: 14    God:    Ignis [*****.]
Gold:   0          SH:  0    Dex:  6    Spells: 2/2 levels left

rFire   + . .      SeeInvis .   a - -1 falchion (flame)
rCold   . . .      Faith    .   (no shield)
rNeg    . . .      Spirit   .   (armour unavailable)
rPois   .          Reflect  .   (helmet restricted)
rElec   .          Harm     .   (no cloak)
rCorr   .          Rampage  .   (no gloves)
Will    .....                   (no boots)
Stlth   +.........              (no amulet)
HPRegen 0.06/turn               (no ring)
MPRegen 0.08/turn               (no ring)

@: slowed, very slow
A: AC +4, unfitting armour, cold-blooded
a: Renounce Religion, Sea of Fire, Foxfire Swarm, Rising Flame


You were on level 1 of the Dungeon.
You worshipped Ignis.
Ignis was extremely pleased with you.
You visited 1 branch of the dungeon, and saw 1 of its levels.

Inventory:

Hand Weapons
 a - a -1 falchion of flaming (weapon)
Jewellery
 b - a +6 ring of strength
Scrolls
 c - a scroll of identify {unknown}


   Skills:
 + Level 3.5 Fighting
 + Level 3.0 Long Blades
 + Level 1.0 Spellcasting
 + Level 3.0 Fire Magic


You had 2 spell levels left.
You didn't know any spells.
Your spell library contained the following spells:

 Spells                   Type           Power      Damage    Failure   Level
 Scorch                   Fire           18%        2d5       12%         2


Dungeon Overview and Level Annotations

Branches:
Dungeon (1/15)

Altars:


Innate Abilities, Weirdness & Mutations

Your plain brown scales are hard. (AC +4)
You cannot fit into any form of body armour.
You are cold-blooded and may be slowed by cold attacks.


Message History

Found a pair of embroidered gloves.
You see here a +1 pair of gloves.
c - a scroll labelled GAHEMA KEXU No target in view!
Found a ring mail.
No target in view!
You see here a +0 ring mail.
A ball python, an endoplasm and a hobgoblin come into view.
Found 5 gold pieces.
Found a faded altar of an unknown god.
The ball python hisses angrily.
The hobgoblin shouts!
The endoplasm quivers.
The endoplasm freezes you.
You are frozen.
You feel yourself slow down.
You hit the endoplasm but do no damage.
The ball python bites you but does no damage.
The ball python grabs you. The ball python constricts you.
The ball python bites you but does no damage.
The ball python constricts you. The endoplasm freezes you.
You are frozen.
You slash the ball python! You burn the ball python.
You kill the ball python!
You feel yourself speed up. The endoplasm freezes you.
You are frozen.
You feel yourself slow down. The hobgoblin hits you.
* * * LOW HITPOINT WARNING * * *
The endoplasm freezes you.
You are frozen.
* * * LOW HITPOINT WARNING * * *
You feel as though you will be slow longer.
The hobgoblin closely misses you.
You are too injured to fight recklessly!
You are too injured to fight recklessly!
You enter the shallow water.
Moving in this stuff is going to be slow.
A hobgoblin comes into view.
The hobgoblin shouts!
The endoplasm freezes you.
You are frozen.
You die...

........######.
............... ##
#######.######.
#.. #.# ... #.#
#.. #.# ##.#####.
#.# ##.#....g# #.#
##..≈.$...≈ #.#
##.#@.≈...≈. #.#
#.#gJ≈.≈.≈.≈
#.#####.#.†.≈.≈.≈.
#.##....#...≈≈.≈≈.
#.##.##.#...≈≈_≈≈.
#.##.##.#..≈.≈≈≈.≈
#........#≈≈≈≈.≈≈≈
#######...#..≈.≈..
##...#.≈.≈.


You could see an endoplasm and 2 hobgoblins.

Vanquished Creatures
  2 ball pythons (D:1)
2 creatures vanquished.

Notes
Turn   | Place    | Note
-------+----------+-------------------------------------------
     0 | D:1      | Lekart the Draconian Cinder Acolyte began the quest for the
                  | Orb.
     0 | D:1      | Reached XP level 1. HP: 19/19 MP: 2/2
   125 | D:1      | Found a faded altar of an unknown god.
   129 | D:1      | Frozen to death by an endoplasm

Illustrated notes

Levels and vault maps discovered:
D:1:      scummos_arrival_simple_crosswalls, layout_loops_ring,
          shapermc_ecumenical_altar_starsandcircs

Action                   || total
-------------------------++-------
Melee: Falchion          ||     7
Armor: Skin              ||     4
Dodge: Dodged            ||     6

Table legend: (Time is in decaauts)
 A = Elapsed time spent in this place.
 B = Non-inter-level travel time spent in this place.
 C = Inter-level travel time spent in this place.
 D = Time resting spent in this place.
 E = Time spent auto-exploring this place.
 F = Levels seen in this place.
 G = Mean time per level.
                   A        B        C        D        E       F      G
               +--------+--------+--------+--------+--------+-----+--------+
         Total |    131 |    131 |      0 |      0 |    112 |   1 |  131.0 |
       Dungeon |    131 |    131 |      0 |      0 |    112 |   1 |  131.0 |
               +--------+--------+--------+--------+--------+-----+--------+

Top non-repeatable levels by time:
     D:1: 131 daAuts
